 Dungeon Sprint DCSS version 0.26-a0-665-gefeb406119 (webtiles) character file.

Game seed: 2131358070763009364

66 olmar the Cleaver (level 8, -2/81 HPs)
             Began as a Deep Dwarf Fighter on Oct 14, 2020.
             Was an Initiate of Gozag.
             Slain by a killer bee (9 damage)
             ... in the Dungeon (Sprint VI: "Thunderdome").
             The game lasted 00:04:08 (558 turns).

olmar the Cleaver (Deep Dwarf Fighter)               Turns: 558, Time: 00:04:08

Health: -2/81      AC: 10    Str: 36    XL:     8   Next: 41%
Magic:  8/8        EV: 12    Int: 11    God:    Gozag
Gold:   484        SH: 14    Dex: 12    Spells: 7/7 levels left

rFire    . . .     SeeInvis .   s - +0 broad axe
rCold    + . .     Faith    .   c - +0 kite shield
rNeg     + . .     Spirit   .   b - +0 scale mail
rPois    +         Reflect  .   (no helmet)
rElec    .         Harm     .   (no cloak)
rCorr    +         Rampage  .   r - +1 pair of gloves of Xuypnerr {rF+ rCorr Str+2}
MR       +....     NoTele   +   (no boots)
Stlth    ..........             o - amulet "Fumynaxi" {RegenMP rPois rF- Str+5}
HPRegen  0.00/turn              q - ring of the Past {Str+6 Int+3}
MPRegen  0.36/turn              p - ring of Toucziuw {rC+ rN+}

@: mighty, lethally poisoned (-2 -> -18), gold aura, non-regenerating
A: damage resistance, heal wounds, sense surroundings 1, no regeneration
a: Heal Wounds, Potion Petition, Call Merchant, Bribe Branch, Renounce Religion


You were in the Dungeon.
You worshipped Gozag.
Gozag was aware of your devotion.
You visited 1 branch You collected 1281 gold pieces.
You spent 797 gold pieces at shops.

Inventory:

Hand Weapons
 a - a +0 war axe
 s - a +0 broad axe (weapon)
Armour
 b - a +0 scale mail (worn)
 c - a +0 kite shield (worn)
 r - the +1 pair of gloves of Xuypnerr (worn) {rF+ rCorr Str+2}
   (You bought it in a shop in the Dungeon)

   It affects your strength (+2).
   It protects you from fire.
   It provides partial protection from all sources of acid and corrosion.
Jewellery
 o - the amulet "Fumynaxi" (around neck) {RegenMP rPois rF- Str+5}
   (You bought it in a shop in the Dungeon)

   [amulet of magic regeneration]

   It increases your magic regeneration.
   It affects your strength (+5).
   It makes you vulnerable to fire.
   It protects you from poison.
 p - the ring of Toucziuw (right hand) {rC+ rN+}
   (You bought it in a shop in the Dungeon)

   [ring of positive energy]

   It protects you from cold.
   It protects you from negative energy.
 q - the ring of the Past (left hand) {Str+6 Int+3}
   (You bought it in a shop in the Dungeon)

   [ring of strength]

   It affects your strength (+6).
   It affects your intelligence (+3).
Wands
 k - a wand of acid (4)
 l - a wand of iceblast (1)
Scrolls
 j - 4 scrolls of blinking
 m - 3 scrolls of fog
Potions
 e - a potion of curing
 f - 8 potions of heal wounds
 g - 4 potions of haste
 h - 2 potions of magic
 i - a potion of berserk rage
 n - a potion of resistance


   Skills:
 + Level 8.0 Fighting
 + Level 11.7 Axes
 + Level 9.2 Armour
 + Level 4.3 Dodging
 + Level 1.7 Stealth
 + Level 10.7 Shields
 + Level 2.7 Evocations


You had 7 spell levels left.
You didn't know any spells.
Your spell library was empty.

Dungeon Overview and Level Annotations

Branches:
Dungeon (1/1)

Altars:
Cheibriados
Dithmenos
Fedhas
Gozag
Kikubaaqudgha
Makhleb
Okawaru
Qazlal
Ru
Sif Muna
Trog
Uskayaw
Vehumet
Wu Jian
Xom
Yredelemnul
Zin
The Shining One
Beogh
Jiyva
Lugonu

Shops:
D *[??*?*:[((!!!!


Innate Abilities, Weirdness & Mutations

You are resistant to damage.
You can heal yourself by infusing magical energy.
You passively map a small area around you.
You do not regenerate.


Message History

* * * LOW HITPOINT WARNING * * *
The killer bee barely misses you. You block the queen bee's attack.
You block the killer bee's attack.
You slice the queen bee!!
You kill the queen bee!
Your Fighting skill increases to level 8!
Your Armour skill increases to level 9!
You barely miss the killer bee.
* * * LOW HITPOINT WARNING * * *
You feel very sick.
The killer bee is no longer distracted by gold.
The killer bee stings you but does no damage.
The killer bee misses you. You block the killer bee's attack.
The killer bee barely misses you. The killer bee stings you.
* * * LOW HITPOINT WARNING * * *
The killer bee stings you.
* * * LOW HITPOINT WARNING * * *
The killer bee stings you!
You die...
Your body crumbles into a pile of gold.

#∩.......∩# #.........#
#_......._# #_......._#
###.........###
#⌠...........⌠#
######.8.........8.#####
##.___......###......__.∩
###∩......@y8.# #.8........
##.........$y..###..........
#⌠..........###...###.......
#⌠..........# #.<.# #.......
#⌠..........###...###.......
##.............###..........
###∩........8.# #.8........
##∩___......###......___∩
######.8.........8.#####


You could see 2 killer bees.

Vanquished Creatures
  A cane toad (D)
  A queen bee (D)
  Prince Ribbit (D)
  3 necrophages (D)
  4 bullfrogs (D)
  4 killer bees (D)
  A worm (D)
  2 leopard geckos (D)
  A bat zombie (D)
  A giant cockroach (D)
  2 jackals (D)
21 creatures vanquished.

Notes
Turn   | Place    | Note
-------+----------+-------------------------------------------
     0 | D        | olmar the Deep Dwarf Fighter began the quest for the Orb.
     0 | D        | Reached XP level 1. HP: 20/20 MP: 1/1
     1 | D        | Found an iron altar of Okawaru.
     1 | D        | Found a shimmering blue altar of Sif Muna.
     2 | D        | Found a radiant altar of Vehumet.
     2 | D        | Found a bloodstained altar of Trog.
     4 | D        | Found a sacrificial altar of Ru.
     4 | D        | Found a stormy altar of Qazlal.
     4 | D        | Found Buumad's Magic Scroll Shop.
     4 | D        | Found Soadiocla's Staff Store.
     5 | D        | Found Duj Pien's Magic Scroll Shop.
     5 | D        | Found Soateruf's Must-Have Magic.
     5 | D        | Round 1.
     7 | D        | Found a corrupted altar of Lugonu.
     8 | D        | Found a snail-covered altar of Cheibriados.
    10 | D        | Found Cuamuts's Distillery.
    10 | D        | Found a hide-covered altar of Uskayaw.
    10 | D        | Found a burning altar of Makhleb.
    10 | D        | Found a glowing silver altar of Zin.
    10 | D        | Found Vyasi's Do-It-Yourself Clinic.
    11 | D        | Found Nywk's Distillery.
    11 | D        | Found Rav Ymi's Bottled Wisdom.
    14 | D        | Found a shadowy altar of Dithmenos.
    15 | D        | Found a glowing golden altar of the Shining One.
    16 | D        | Found a basalt altar of Yredelemnul.
    17 | D        | Found an ornate altar of the Wu Jian Council.
    17 | D        | Found a viscous altar of Jiyva.
    17 | D        | Found a roughly hewn altar of Beogh.
    17 | D        | Found Hagg's Weapon Rack.
    17 | D        | Found Riaff's Premium Goods.
    18 | D        | Found Bopp's Basic Armour.
    18 | D        | Found Aliss's Miscellaneous Merchandise.
    21 | D        | Found a blossoming altar of Fedhas.
    22 | D        | Found an ancient bone altar of Kikubaaqudgha.
    23 | D        | Found a shimmering altar of Xom.
    24 | D        | Found Laoreog's Identification Station.
    25 | D        | Found Bonunk's Advanced Armour.
    25 | D        | Found Zeymenut's Jewellery.
    25 | D        | Found an opulent altar of Gozag.
    33 | D        | Became a worshipper of Gozag Ym Sagoz the Greedy
    62 | D        | Bought a steaming platinum amulet for 45 gold pieces
    62 | D        | Bought a coiled brass ring for 45 gold pieces
    62 | D        | Bought an ancient iron ring for 45 gold pieces
    62 | D        | Identified the ring of the Past {Str+6 Int+3} (You bought
                  | it in a shop in the Dungeon)
    80 | D        | Identified the amulet "Fumynaxi" {RegenMP rPois rF- Str+5}
                  | (You bought it in a shop in the Dungeon)
    80 | D        | Identified the ring of Toucziuw {rC+ rN+} (You bought it in
                  | a shop in the Dungeon)
   112 | D        | Reached XP level 2. HP: 22/28 MP: 2/2
   131 | D        | Arena points: 14 (+14) [x2]
   148 | D        | Bought a pair of distressingly furry gloves for 332 gold
                  | pieces
   153 | D        | Identified the +1 pair of gloves of Xuypnerr {rF+ rCorr
                  | Str+2} (You bought it in a shop in the Dungeon)
   160 | D        | Round 2.
   166 | D        | Reached skill level 1 in Dodging
   216 | D        | Noticed a necrophage
   220 | D        | Killed a necrophage
   220 | D        | Reached skill level 4 in Axes
   220 | D        | Reached skill level 5 in Armour
   220 | D        | Reached XP level 3. HP: 29/37 MP: 3/3
   220 | D        | Reached XP level 4. HP: 36/45 MP: 4/4
   266 | D        | Bought 3 potions of heal wounds for 105 gold pieces
   266 | D        | Bought 3 potions of heal wounds for 105 gold pieces
   279 | D        | Noticed a necrophage
   286 | D        | Killed a necrophage
   286 | D        | Reached skill level 5 in Fighting
   286 | D        | Reached skill level 6 in Axes
   286 | D        | Reached XP level 5. HP: 39/52 MP: 5/5
   298 | D        | Noticed a necrophage
   299 | D        | Noticed a phantom
   309 | D        | Killed a necrophage
   309 | D        | Reached skill level 7 in Axes
   309 | D        | Reached XP level 6. HP: 36/59 MP: 6/6
   330 | D        | Arena points: 24 (+10) [x1]
   345 | D        | Round 3.
   378 | D        | Reached skill level 8 in Axes
   426 | D        | Reached XP level 7. HP: 54/72 MP: 7/7
   445 | D        | Bought a +0 broad axe for 120 gold pieces
   452 | D        | Noticed Prince Ribbit
   464 | D        | Noticed a cane toad
   473 | D        | Killed Prince Ribbit
   473 | D        | Reached skill level 10 in Axes
   473 | D        | Reached skill level 1 in Stealth
   473 | D        | Reached skill level 1 in Evocations
   476 | D        | Killed a cane toad
   476 | D        | Arena points: 66 (+42) [x2]
   476 | D        | Reached skill level 10 in Shields
   476 | D        | Reached XP level 8. HP: 46/80 MP: 8/8
   517 | D        | Round 4.
   525 | D        | Reached skill level 11 in Axes
   544 | D        | Noticed a queen bee
   558 | D        | Killed a queen bee
   558 | D        | Slain by a killer bee

Illustrated notes

Levels and vault maps discovered:
D:        arena_sprint

Skill      XL: |  1  2  3  4  5  6  7  8 |
---------------+-------------------------+-----
Armour         | 4 5 6 7 8 9 |  9.2
Shields        | 4 6 7 8 9 10 | 10.7
Fighting       | 3 4 5 6 7 8 |  8.0
Dodging        | 1 2 3 4 |  4.3
Axes           | 4 6 7 8 10 11 | 11.7
Stealth        | 1 |  1.7
Evocations     | 2 |  2.7

Action                   |  1- 3 |  4- 6 |  7- 9 || total
-------------------------+-------+-------+-------++-------
Melee: War axe           |    33 |    33 |       ||    66
       Broad axe         |       |       |    40 ||    40
 Abil: Heal Wounds       |       |       |     4 ||     4
Evoke: Wand              |     1 |       |     4 ||     5
  Use: Potion            |       |     1 |     2 ||     3
Armor: Scale mail        |    21 |    12 |    16 ||    49
Dodge: Dodged            |    25 |    11 |    40 ||    76
Block: Kite shield       |    25 |    17 |    53 ||    95

Table legend: (Time is in decaauts)
 A = Elapsed time spent in this place.
 B = Non-inter-level travel time spent in this place.
 C = Inter-level travel time spent in this place.
 D = Time resting spent in this place.
 E = Time spent auto-exploring this place.
 F = Levels seen in this place.
 G = Mean time per level.
                   A        B        C        D        E       F      G
               +--------+--------+--------+--------+--------+-----+--------+
         Total |    583 |    583 |      0 |     18 |     12 |   1 |  583.0 |
       Dungeon |    583 |    583 |      0 |     18 |     12 |   1 |  583.0 |
               +--------+--------+--------+--------+--------+-----+--------+

Top non-repeatable levels by time:
       D: 583 daAuts
